 Dungeon Crawl Stone Soup version 0.31.0-32-g396128a36d (webtiles) character file.

Game seed: 13016080493815276593

547 H0rd4k the Insei (level 7, -2/45 HPs)
             Began as an Octopode Artificer on Apr 8, 2024.
             Incinerated by a bombardier beetle (5 damage)
             ... with a burning spray
             ... on level 5 of the Dungeon.
             The game lasted 00:02:59 (3086 turns).

H0rd4k the Insei (Octopode Artificer)               Turns: 3086, Time: 00:03:00

Health: -2/45      AC:  1    Str: 11    XL:     7   Next: 28%
Magic:  7/7        EV: 13    Int: 16    God:
Gold:   224        SH:  0    Dex: 12    Spells: 4/6 levels left

rFire   . .          .
                       - Unarmed
rCold   . . .        (no shield)
rNeg    . . .        h - +0 hat
rPois   +            n - amulet of magic regeneration
rElec   .            a - ring of poison resistance
rCorr   .            (no ring)
SInv    .            (no ring)
Will    .....        (no ring)
Stlth   +            (no ring)
HPRegen 0.27/turn    (no ring)
MPRegen 0.50/turn    (no ring)
                     (no ring)

%: no passive effects
@: on fire, glowing
A: almost no armour, amphibious, 8 rings, camouflage 1, gelatinous body 1,
(nimble swimmer 1), tentacles
a: no special abilities


You were on level 5 of the Dungeon.
You visited 1 branch of the dungeon, and saw 5 of its levels.

You collected 224 gold pieces.

Inventory:

Missiles
 i - a throwing net
 k - 5 atropa-tipped darts
 u - 4 poisoned darts
Armour
 h - a +0 hat (worn)
Jewellery
 a - a ring of poison resistance (left tentacle)
 n - an amulet of magic regeneration (around mantle)
Talismans
 v - a beast talisman
Wands
 b - a wand of flame (16) (quivered)
 c - a wand of charming (10)
 d - a wand of iceblast (3)
Scrolls
 e - 2 scrolls of enchant armour {unknown}
 f - 5 scrolls of identify {unknown}
 l - a scroll of acquirement {unknown}
 m - 2 scrolls of poison {unknown}
 o - 2 scrolls of teleportation {unknown}
 p - a scroll of vulnerability {unknown}
 q - a scroll of revelation {unknown}
 s - a scroll of silence {unknown}
 t - a scroll of amnesia {unknown}
Potions
 g - 3 potions of curing {unknown}
 j - 2 potions of enlightenment {unknown}
 r - a potion of haste {unknown}


   Skills:
 + Level 2.8 Fighting
 - Level 2.3 Dodging
 - Level 1.3 Stealth
 + Level 6.8 Unarmed Combat
 - Level 3.2 Evocations


You had 4 spell levels left.
You knew the following spells:

 Your Spells              Type           Power      Damage    Failure   Level
a - Blink                 Tloc           0%         N/A       36%         2

Your spell library contained the following spells:

 Spells                   Type           Power      Damage    Failure   Level
 Magic Dart               Conj           0%         1d3       26%         1
 Call Imp                 Summ           0%         N/A       36%         2
 Summon Ice Beast         Ice/Summ       0%         N/A       58%         3
 Summon Mana Viper        Hex/Summ       0%         N/A       100%        5
 Monstrous Menagerie      Summ           0%         N/A       100%        7


Dungeon Overview and Level Annotations

Branches:
Dungeon (5/15)
 Temple: D:4-7

Altars:
Makhleb
Vehumet


Innate Abilities, Weirdness & Mutations

You cannot wear most types of armour.
You are amphibious.
You can wear up to eight rings at the same time.
Your skin changes colour to match your surroundings (Stealth+).
Your rubbery body absorbs attacks. (AC +1, EV +1)
((You are camouflaged when in or above water. (Stealth+)))
You have tentacles for arms and can constrict up to eight enemies at once.


Message History

You barely miss the hound. Your grab misses the hound. The hound bites you.
The hound completely misses you.
The bombardier beetle sprays incendiary fluid at you.
The burning spray hits you.
You are covered in liquid fire!
You tentacle-slap the hound. Your grab misses the hound.
The hound is moderately wounded.
The liquid fire burns you! The hound bites you. The hound misses you.
The hound bites you.
You tentacle-slap the hound but do no damage.
You grab the hound.
You tentacle-slap the hound, but do no damage.
The hound is moderately wounded.
The liquid fire burns you!
You constrict the hound, but do no damage.
The hound bites you. x2
You release your grip on the hound.
You shake off some of the fire as you move.
The liquid fire burns you!
* * * LOW HITPOINT WARNING * * *
Aiming: Charm
Press: ? - help, Shift-Dir - straight line, f - hound
Aim: a hound (chance to affect: 66%)
The hound is charmed.
The liquid fire burns you!
* * * LOW HITPOINT WARNING * * *
The hound barely misses you. x2
Aiming: Charm
Press: ? - help, Shift-Dir - straight line, f - hound, p - hound
Aim: a hound (moderately wounded, chance to affect: 66%)
The hound struggles to resist.
The liquid fire burns you!
* * * LOW HITPOINT WARNING * * *
Your hound misses the hound. The hound barely misses you.
Aiming: Charm
Press: ? - help, Shift-Dir - straight line, f/p - hound
Aim: a hound (moderately wounded, ally target, chance to affect: 66%)
The hound is charmed.
The liquid fire burns you!
You die...

##.#.#### .# .#.
##.#.# #.# #.#
#..#.# ##.##.#.
#.##.# ##......
#.##.###...##.#
#.##.##.....#.#
#.##.#..$.....# #
##.##..........#..#
#.....#...@........
#..#####.hh...B....
#...# ##...#####.#
#.... #..## #.
#...## ...## #.
#... #...# #. ####
.... #... #.##...
#.### ###. #
#..#.##
####.##.#.##


You could see a bombardier beetle and 2 friendly hounds.

Vanquished Creatures
  Edmund (D:5)
  A bullfrog (D:5)
  A scorpion (D:4)
  A crimson imp (D:3)
  3 hounds
  Robin (D:3)
  2 gnolls (D:2)
  5 adders
  A ribbon worm (D:2)
  3 dart slugs
  6 orcs
  7 ball pythons
  5 bats
  7 endoplasms
  5 giant cockroaches
  15 goblins
  10 hobgoblins
  A jackal (D:1)
  6 kobolds
  5 quokkas
  5 frilled lizards
  3 rats
94 creatures vanquished.

Vanquished Creatures (collateral kills)
  A gnoll (D:2)
  An orc (D:5)
  An endoplasm (D:2)
3 creatures vanquished.

Vanquished Creatures (others)
  A gnoll (D:2)
1 creature vanquished.

Grand Total: 98 creatures vanquished

Notes
Turn   | Place    | Note
-------+----------+-------------------------------------------
     0 | D:1      | H0rd4k the Octopode Artificer began the quest for the Orb.
     0 | D:1      | Reached XP level 1. HP: 13/13 MP: 1/1
    63 | D:1      | Reached skill level 1 in Unarmed Combat
    69 | D:1      | Reached XP level 2. HP: 18/18 MP: 2/2
   161 | D:1      | Reached skill level 2 in Unarmed Combat
   226 | D:1      | Reached XP level 3. HP: 16/23 MP: 3/3
   809 | D:2      | Reached skill level 3 in Unarmed Combat
   813 | D:2      | Reached XP level 4. HP: 20/29 MP: 4/4
   892 | D:2      | You fall into a shaft and drop 1 floor!
  1127 | D:3      | Found a faded altar of an unknown god.
  1150 | D:3      | Reached skill level 4 in Unarmed Combat
  1274 | D:3      | Reached XP level 5. HP: 34/34 MP: 5/5
  1312 | D:3      | Noticed Robin
  1320 | D:3      | Killed Robin
  1812 | D:3      | Found a radiant altar of Vehumet.
  1813 | D:3      | Found a burning altar of Makhleb.
  2024 | D:4      | Reached skill level 5 in Unarmed Combat
  2032 | D:4      | Reached XP level 6. HP: 8/40 MP: 6/6
  2583 | D:5      | Entered Level 5 of the Dungeon
  2744 | D:5      | Reached skill level 6 in Unarmed Combat
  2780 | D:5      | Reached XP level 7. HP: 45/45 MP: 7/7
  2783 | D:5      | Learned a level 2 spell: Blink
  2929 | D:5      | Noticed Edmund
  2971 | D:5      | Killed Edmund
  3086 | D:5      | Incinerated by a bombardier beetle

Illustrated notes

Levels and vault maps discovered:
D:1:      minmay_arrival_five_plusses, layout_loops_cross, hex_large,
          hangedman_decor_push, minmay_tripent
D:2:      layout_rooms, minmay_misc_feat_square
D:3:      layout_basic, grunt_temple_overflow_lords_of_destruction,
          shapermc_ecumenical_altar_totnotflames, uniq_robin
D:4:      layout_rooms, kennysheep_cluttered_room, st_stairs_10
D:5:      layout_loops_ring, evilmike_ruin_ashenzari, uniq_edmund

Skill      XL: |  1  2  3  4  5  6 |
---------------+-------------------+-----
Unarmed Combat | 1 2 3 4 5 6 |  6.8
Fighting       | 2 |  2.8
Dodging        | |  2.3
Stealth        | |  1.3
Evocations     | |  3.2

Action                     |  1- 3 |  4- 6 |  7- 9 || total
---------------------------+-------+-------+-------++-------
  Melee: Unarmed           |    74 |   137 |     9 ||   220
         Tentacles         |    20 |    26 |       ||    46
         Constrict         |    19 |    32 |     2 ||    53
         Punch             |     2 |     4 |     2 ||     8
  Evoke: Wand              |     1 |       |     6 ||     7
   Stab: Sleeping          |     4 |     9 |       ||    13
 Armour: Skin              |    24 |    59 |     7 ||    90
  Dodge: Dodged            |    46 |    72 |    10 ||   128
